 Dungeon Crawl Stone Soup version 0.25-a0-942-g87a53962fc (webtiles) character file.

Game seed: 10301907335489403466, levelgen mode: deterministic

128 Aumann the Conjurer (level 5, -1/35 HPs)
             Began as a Human Conjurer on May 6, 2020.
             Slain by a scorpion (3 damage)
             ... on level 4 of the Dungeon.
             The game lasted 00:19:42 (3433 turns).

Aumann the Conjurer (Human Conjurer)                Turns: 3433, Time: 00:19:43

Health: -1/35      AC:  5    Str:  9    XL:     5   Next: 33%
Magic:  6/9        EV: 12    Int: 16    God:
Gold:   128        SH:  0    Dex: 13    Spells: 9/10 levels left

rFire    . . .     SeeInvis .   h - +0 hunting sling (curse)
rCold    . . .     Gourm    .   (no shield)
rNeg     . . .     Faith    .   a - +0 robe
rPois    .         Spirit   .   (no helmet)
rElec    .         Reflect  .   g - +2 cloak
rCorr    .         Harm     .   (no gloves)
MR       .....                  (no boots)
Stlth    ++........             (no amulet)
HPRegen  0.11/turn              (no ring)
MPRegen  0.11/turn              (no ring)

@: lethally poisoned (-1 -> -4)
A: no striking features
a: no special abilities


You were on level 4 of the Dungeon.
You were hungry.

You visited 1 branch of the dungeon, and saw 4 of its levels.

You collected 128 gold pieces.

Inventory:

Hand Weapons
 b - a +0 short sword
 h - a cursed +0 hunting sling (weapon)
 s - a +0 war axe
Missiles
 d - 24 stones (quivered)
 k - 37 bolts
Armour
 a - a +0 robe (worn)
 g - a +2 cloak (worn)
Scrolls
 m - a scroll of identify
 q - a scroll of random uselessness
Potions
 e - 2 potions of mutation {unknown}
 f - a potion of degeneration {unknown}
 l - a potion of might {unknown}
 n - a potion of lignification {unknown}
 o - a potion of magic {unknown}
 p - a potion of curing {unknown}
 r - a potion of flight {unknown}
Comestibles
 c - 3 rations


   Skills:
 + Level 2.2 Dodging
 - Level 2.0 Stealth
 * Level 3.2 Spellcasting
 * Level 5.4 Conjurations


You had 9 spell levels left.
You knew the following spells:

 Your Spells              Type           Power        Failure   Level  Hunger
a - Magic Dart            Conj           ###.         1%          1    None

Your spell library contained the following spells:

 Spells                   Type           Power        Failure   Level  Hunger
 Searing Ray              Conj           ###...       3%          2    ##.....
 Dazzling Flash           Conj/Hex       ##....       19%         3    ###....
 Fulminant Prism          Conj/Hex       ##........   52%         4    ####...
 Iskenderun's Mystic Bla  Conj/Tloc      ##......     52%         4    ####...


Dungeon Overview and Level Annotations

Branches:
Dungeon (4/15)
 Temple: D:4-7

Altars:
Cheibriados

Annotations:
D:4 Menkaure


Message History

Press: ? - help, Shift-Dir - straight line, f/p - adder
Aim: an adder (lightly wounded)
The magic dart hits the adder.
The adder is moderately wounded.
The adder barely misses you. The scorpion closely misses you.
The adder bites you.
* * * LOW HITPOINT WARNING * * *
You are lethally poisoned!
The adder poisons you!
Unknown command.
Casting: Magic Dart (safe; 1% risk of failure)
Confirm with . or Enter, or press ? or * to list all spells.
Aiming: Magic Dart (safe; 1% risk of failure)
Press: ? - help, Shift-Dir - straight line, f/p - adder
Aim: an adder (moderately wounded)
The magic dart hits the adder.
The adder is severely wounded.
* * * LOW HITPOINT WARNING * * *
You feel sick. The adder barely misses you. The scorpion stings you.
You die...

#
##########
#
#.@S......
##
#s########
#. #s# #.
#O# #. #M#
#. #.# #.
#.#
#######.
#.#
......>.
#.#
#######M


You could see an ogre, Menkaure, 2 scorpions and an adder.

Vanquished Creatures
  A gnoll (D:3)
  6 adders (D:2)
  3 dart slugs (D:2)
  11 bats
  3 giant cockroaches
  7 goblins
  7 hobgoblins
  11 kobolds
  2 frilled lizards (D:2)
  5 rats
56 creatures vanquished.

Notes
Turn   | Place    | Note
-------+----------+-------------------------------------------
     0 | D:1      | Aumann the Human Conjurer began the quest for the Orb.
     0 | D:1      | Reached XP level 1. HP: 13/13 MP: 3/3
   195 | D:1      | Reached XP level 2. HP: 19/19 MP: 1/5
   805 | D:1      | Reached XP level 3. HP: 24/24 MP: 1/6
  1552 | D:2      | Reached skill level 5 in Conjurations
  1552 | D:2      | Reached XP level 4. HP: 26/30 MP: 0/7
  2323 | D:2      | Reached XP level 5. HP: 35/35 MP: 4/9
  2744 | D:2      | Found a faded altar of an unknown god.
  3290 | D:4      | Noticed an ogre
  3312 | D:4      | Noticed Menkaure
  3330 | D:4      | Found a snail-covered altar of Cheibriados.
  3365 | D:4      | HP: 1/35 [ogre/+0 giant club (10)]
  3433 | D:4      | Slain by a scorpion

Levels and vault maps discovered:
D:1:      doesnt_arrival_eight_statues, layout_loops_corners
D:2:      layout_loops_corners, chequers_ecumenical_altar_lobes,
          roderic_lattice_a, minmay_misc_feat_four_crosses,
          kennysheep_nondescript
D:3:      layout_loops_corners, minmay_misc_feat_iff, patterned_corridor,
          uniq_grinder
D:4:      layout_loops_ring, kennysheep_slug_shrine,
          lemuel_zombie_altar_kikubaaqudgha, serial_shops,
          kennysheep_little_box, uniq_menkaure, uniq_crazy_yiuf_cottage

Skill      XL: |  1  2  3  4  5 |
---------------+----------------+-----
Conjurations   | 5 |  5.4
Spellcasting   | 3 |  3.2
Dodging        | |  2.2
Stealth        | |  2.0

Action                   |  1- 3 |  4- 6 || total
-------------------------+-------+-------++-------
Melee: Unarmed           |    13 |       ||    13
       Hunting sling     |    12 |     9 ||    21
 Cast: Magic Dart        |    64 |    69 ||   133
  Use: Scroll            |     1 |     3 ||     4
  Eat: Chunk             |     3 |     5 ||     8
Armor: Robe              |    13 |    10 ||    23
Dodge: Dodged            |    34 |    27 ||    61

Table legend:
 A = Non-vault XP
 B = Vault XP
 C = Vault XP percentage of total XP
 D = Non-vault monster count
 E = Vault monster count
 F = Vault count percentage of total count
                 A         B        C        D         E       F
            +---------+---------+-------+---------+---------+-------
      Total |     183 |       0 |   0.0 |      56 |       0 |   0.0
            +---------+---------+-------+---------+---------+-------
        D:1 |      38 |       0 |   0.0 |      23 |       0 |   0.0
        D:2 |     126 |       0 |   0.0 |      29 |       0 |   0.0
        D:3 |      19 |       0 |   0.0 |       4 |       0 |   0.0
            +---------+---------+-------+---------+---------+-------
